 Dungeon Crawl Stone Soup version 0.26.1-11-gd32895ea62 (webtiles) character file.

Game seed: 15809479726094943701

32 Zeld the Insei (level 3, -1/24 HPs)
             Began as an Octopode Transmuter on May 28, 2021.
             Shot with a stone by a goblin (6 damage)
             ... on level 2 of the Dungeon.
             The game lasted 00:02:49 (1427 turns).

Zeld the Insei (Octopode Transmuter)                Turns: 1427, Time: 00:02:50

Health: -1/24      AC:  1    Str: 10    XL:     3   Next: 25%
Magic:  6/6        EV: 13    Int: 15    God:
Gold:   106        SH:  0    Dex: 12    Spells: 0/6 levels left

rFire    . . .     SeeInvis .     - Unarmed
rCold    . . .     Faith    .   (no shield)
rNeg     . . .     Spirit   .   (helmet currently unavailable)
rPois    .         Reflect  .   (no amulet)
rElec    .         Harm     .   (no ring)
rCorr    .         Rampage  .   (no ring)
Will     .....                  (no ring)
Stlth    ++........             (no ring)
HPRegen  0.08/turn              (no ring)
MPRegen  0.10/turn              (no ring)
                                (no ring)
                                (no ring)

@: appendages (expiring)
A: almost no armour, stealthy swim, amphibious, 8 rings, constrict 8, tentacle
spike 3, camouflage 1, gelatinous body 1
a: End Transformation


You were on level 2 of the Dungeon.
One of your tentacles had a temporary spike.
You visited 1 branch of the dungeon, and saw 2 of its levels.

You collected 106 gold pieces.

Inventory:

Scrolls
 b - a scroll of remove curse {unknown}
 d - a scroll of teleportation {unknown}
 e - a scroll of fog {unknown}
 f - a scroll of blinking {unknown}
 g - a scroll of noise {unknown}
Potions
 a - 2 potions of heal wounds {unknown}
 c - a potion of mutation {unknown}


   Skills:
 + Level 1.6 Fighting
 + Level 2.3 Dodging
 - Level 3.0 Unarmed Combat
 * Level 2.4 Spellcasting
 * Level 2.5 Transmutations


You couldn't memorise any spells.
You knew the following spells:

 Your Spells              Type           Power        Failure   Level
a - Beastly Appendage     Tmut           18%          8%          1
b - Wereblood             Tmut           9%           12%         2
c - Spider Form           Tmut/Pois      2%           36%         3

Your spell library contained the following spells:

 Spells                   Type           Power        Failure   Level
 Ice Form                 Ice/Tmut       5%           77%         4
 Blade Hands              Tmut           4%           91%         5


Dungeon Overview and Level Annotations

Branches:
Dungeon (2/15)

Altars:
Okawaru


Innate Abilities, Weirdness & Mutations

You cannot wear most types of armour.
You are very stealthy in the water. (Stealth+)
You are amphibious.
You can wear up to eight rings at the same time.
You can use your tentacles to constrict eight enemies at once.
Your skin changes colour to match your surroundings (Stealth+).
Your rubbery body absorbs attacks. (AC +1, EV +1)
One of your tentacles bears a large vicious spike.


Message History

You open the door.
A goblin comes into view. It is wielding a +0 dagger.
The goblin unwields a +0 dagger.
The goblin wields a +0 hunting sling.
The goblin shoots a stone.
The stone hits you.
A quokka comes into view.
A ball python comes into view.
The quokka bites you. The jackal barely misses you. The quokka bites you.
There is an open door here.
The quokka misses you. The jackal barely misses you. The ball python bites you.
* * * LOW HITPOINT WARNING * * *
The ball python closely misses you.
The goblin unwields a +0 hunting sling.
The goblin wields a +0 dagger.
The goblin hits you with a +0 dagger.
* * * LOW HITPOINT WARNING * * *
The ball python bites you but does no damage.
The ball python barely misses you.
The goblin unwields a +0 dagger.
The goblin wields a +0 hunting sling.
The goblin shoots a stone.
The stone hits you.
You die...

#......<......#
#..$..........#
#####(#+#+#####
#####'###.#
#.........#
#...h.....#
#.rh..h...#
#..hSg....#
#..@......#
#.........#
#.........#
#.........#
#.........#
#.........#
#.........#
##........#


You could see a quokka, 4 jackals, a goblin and a ball python.

Vanquished Creatures
  A leopard gecko (D:1)
  5 bats (D:1)
  2 giant cockroaches (D:1)
  4 goblins (D:1)
  4 hobgoblins (D:1)
  6 kobolds (D:1)
  2 frilled lizards (D:1)
  3 rats (D:1)
27 creatures vanquished.

Notes
Turn   | Place    | Note
-------+----------+-------------------------------------------
     0 | D:1      | Zeld the Octopode Transmuter began the quest for the Orb.
     0 | D:1      | Reached XP level 1. HP: 13/13 MP: 3/3
   413 | D:1      | Reached XP level 2. HP: 18/18 MP: 3/5
   416 | D:1      | Learned a level 2 spell: Wereblood
   792 | D:1      | Reached XP level 3. HP: 23/23 MP: 4/6
   796 | D:1      | Learned a level 3 spell: Spider Form
  1410 | D:2      | Found an iron altar of Okawaru.
  1427 | D:2      | Shot with a stone by a goblin

Illustrated notes

Levels and vault maps discovered:
D:1:      minmay_arrival_stone_box, layout_loops_ring, st_stairs_2,
          supply_closet_lemuel
D:2:      cheibrodos_fertilizer, layout_basic, okawaru_trees_1

Action                   || total
-------------------------++-------
Melee: Unarmed           ||    63
       Constrict         ||    16
       Kick              ||     7
       Tentacles         ||     4
       Punch             ||     1
 Cast: Beastly Appendage ||    17
 Stab: Sleeping          ||     4
Armor: Skin              ||     8
Dodge: Dodged            ||    53
